 Dungeon Crawl Stone Soup version 0.26.1-11-gd32895ea62 (webtiles) character file.

Game seed: 5831215302058304669

249 Mattiprrivan the Slasher (level 6, -5/49 HPs)
             Began as a Barachi Chaos Knight on May 27, 2021.
             Was a Plaything of Xom.
             Slain by lasso's ghost (7 damage)
             ... on level 3 of the Dungeon.
             The game lasted 00:24:10 (2524 turns).

Mattiprrivan the Slasher (Barachi Chaos Knight)     Turns: 2524, Time: 00:24:10

Health: -5/49      AC:  7    Str: 15    XL:     6   Next: 12%
Magic:  6/6        EV: 11    Int: 12    God:    Xom [...*..]
Gold:   207        SH:  4    Dex: 12    Spells: 5/5 levels left

rFire    + . .     SeeInvis .   a - +1 falchion (chaos)
rCold    x . .     Faith    .   d - +0 buckler
rNeg     + . .     Spirit   .   b - +3 leather armour
rPois    .         Reflect  .   (no helmet)
rElec    .         Harm     .   (no cloak)
rCorr    .         Rampage  .   k - +0 pair of gloves (curse)
Will     .....                  (no boots)
Stlth    +.........             j - amulet of the acrobat
HPRegen  0.16/turn              c - ring of positive energy
MPRegen  0.10/turn              g - ring of fire

@: slow
A: +LOS, swims, blurry vision 1, slowness 1, strong legs 1
a: Hop, Renounce Religion


You were on level 3 of the Dungeon.
You worshipped Xom.
You were a favourite toy of Xom.
You visited 1 branch of the dungeon, and saw 3 of its levels.

You collected 207 gold pieces.

Inventory:

Hand Weapons
 a - a +1 falchion of chaos (weapon)
Missiles
 i - 14 poisoned darts (quivered)
Armour
 b - a +3 leather armour (worn)
 d - a +0 buckler (worn)
 k - a cursed +0 pair of gloves (worn)
Jewellery
 c - a ring of positive energy (left hand)
 g - a ring of fire (right hand)
 j - an amulet of the acrobat (around neck)
Scrolls
 e - a scroll of teleportation
 f - a scroll of remove curse
 h - a scroll of fear


   Skills:
 * Level 4.4 Fighting
 * Level 5.4 Long Blades
 * Level 1.5 Throwing
 * Level 3.3 Armour
 * Level 2.0 Dodging
 * Level 1.4 Stealth
 * Level 1.4 Shields
 * Level 1.4 Unarmed Combat


You had 5 spell levels left.
You didn't know any spells.
Your spell library was empty.

Dungeon Overview and Level Annotations

Branches:
Dungeon (3/15)

Altars:
Sif Muna
Xom

Annotations:
D:3 lasso's ghost, novice GnCj


Innate Abilities, Weirdness & Mutations

You can be seen from farther away. (+LOS)
You can swim through water.
You cover ground slowly.
You can hop short distances.
Scrolls take you a little longer to read.


Message History

Lasso's ghost blinks!
Lasso's ghost points at you and mumbles some strange words.
The magic dart hits you.
* * * LOW HITPOINT WARNING * * *
There is a large open translucent door here.
Lasso's ghost casts a spell at you. The magic dart hits you!
* * * LOW HITPOINT WARNING * * *
Lasso's ghost screams, "You will join me soon!"
Lasso's ghost misses you.
You hit lasso's ghost but do no damage.
Lasso's ghost is moderately damaged.
Lasso's ghost barely misses you.
You riposte.
You hit lasso's ghost. You burn lasso's ghost.
Lasso's ghost is heavily damaged.
You hit lasso's ghost. You freeze lasso's ghost.
Lasso's ghost is heavily damaged.
You block lasso's ghost's attack. Lasso's ghost hits you!
You die...
Xom bursts into laughter!

#.###.##.######
#.########.# #.# #.....#
#..........# #.# ####.(###
############ #.# #....### #
###.# #......# # #...#
###''#### #.###
##.......##### #.#
#..8W#..##...# #.#
#≈#≈.@≈.####.# #.#
##≈.[..#≈# #.# #.#
#######≈#≈#####.# #.#
#..######## #...#
#.####.#......#####..#
#...(..#....#....##..#
#..#####....#....##..# #..#
##..#####......###### #
#>.####.....#.............#
#


You could see lasso's ghost.

Vanquished Creatures
  A basilisk (shapeshifter) (D:2)
  8 adders
  2 worms (D:2)
  A dart slug (D:1)
  4 leopard geckos
  2 ball pythons (D:1)
  2 giant cockroaches
  7 goblins
  6 hobgoblins
  5 jackals
  2 quokkas
  7 bats
  2 frilled lizards (D:2)
  9 kobolds
  6 rats
64 creatures vanquished.

Notes
Turn   | Place    | Note
-------+----------+-------------------------------------------
     0 | D:1      | Mattiprrivan the Barachi Chaos Knight began the quest for
                  | the Orb.
     0 | D:1      | Reached XP level 1. HP: 18/18 MP: 1/1
    20 | D:1      | XOM: potion effect (might)
   241 | D:1      | Reached XP level 2. HP: 25/25 MP: 2/2
   282 | D:1      | XOM: scenery: 1 doors open
   460 | D:1      | Reached skill level 4 in Long Blades
   774 | D:1      | XOM: give mutations
   774 | D:1      | Gained mutation: You are agile. (Dex +2) [Xom's mischief]
   774 | D:1      | Gained mutation: Scrolls take you a little longer to read.
                  | [Xom's mischief]
   774 | D:1      | Lost mutation: You are agile. (Dex +2) [Xom's mischief]
   846 | D:1      | XOM: god gift: scroll labelled JUORAM XOMMA {god gift}
  1052 | D:2      | Reached XP level 3. HP: 30/30 MP: 3/3
  1107 | D:2      | XOM: silly message
  1239 | D:2      | XOM: cast spell 'Chain of Chaos'
  1240 | D:2      | Reached XP level 4. HP: 37/37 MP: 4/4
  1312 | D:2      | XOM: god gift: 50 gold pieces
  1395 | D:2      | Found a shimmering blue altar of Sif Muna.
  1513 | D:2      | Noticed a shapeshifter
  1513 | D:2      | a jackal changed into a shapeshifter
  1513 | D:2      | Noticed a basilisk
  1513 | D:2      | a shapeshifter changed into a basilisk
  1515 | D:2      | XOM: summons 2 friendly demons
  1519 | D:2      | XOM: scenery: create altars
  1527 | D:2      | Killed a basilisk
  1528 | D:2      | Reached skill level 5 in Long Blades
  1528 | D:2      | Reached skill level 1 in Stealth
  1528 | D:2      | Reached skill level 1 in Shields
  1528 | D:2      | Reached skill level 1 in Unarmed Combat
  1528 | D:2      | Reached XP level 5. HP: 43/43 MP: 5/5
  1688 | D:2      | Reached skill level 1 in Throwing
  2173 | D:3      | Reached XP level 6. HP: 38/49 MP: 6/6
  2466 | D:3      | Found a large runed translucent door.
  2466 | D:3      | Found a large runed translucent door.
  2468 | D:3      | Noticed lasso's ghost (novice GnCj)
  2488 | D:3      | XOM: enchant monster (good)
  2520 | D:3      | HP: 1/49 [lasso's ghost/magic dart (9)]
  2524 | D:3      | Slain by lasso's ghost

Illustrated notes

Levels and vault maps discovered:
D:1:      dpeg_chamrin_arrival_tetris, layout_basic
D:2:      minmay_recursive_quarters, layout_rooms, led_sif_pool
D:3:      layout_loops_ring, grunt_temple_overflow_champion_of_chaos,
          nzn_hepliaklqana_mist_gate, ebering_ghost_disaster_area,
          minmay_misc_feat_nine_boxes, kennysheep_generic_room_10

Skill      XL: |  1  2  3  4  5  6 |
---------------+-------------------+-----
Fighting       | 4 |  4.4
Long Blades    | 4 5 |  5.4
Armour         | 3 |  3.3
Stealth        | 1 |  1.4
Shields        | 1 |  1.4
Unarmed Combat | 1 |  1.4
Throwing       | 1 |  1.5
Dodging        | 2 |  2.0

Action                   |  1- 3 |  4- 6 || total
-------------------------+-------+-------++-------
Melee: Falchion          |    79 |    98 ||   177
Throw: Dart              |     6 |    42 ||    48
  Use: Potion            |     5 |     2 ||     7
       Scroll            |     4 |     2 ||     6
 Stab: Paralysed         |       |     3 ||     3
       Petrifying        |       |     1 ||     1
Armor: Leather armour    |    26 |    35 ||    61
Dodge: Dodged            |    48 |    49 ||    97
Block: Buckler           |     5 |     9 ||    14
       Rpst.: Falchion   |    17 |    15 ||    32
